cohdb
Replays
Latest Replays
All Replays
Popular Replays
Top Player Replays
Match Explorer
How It Works
Community
CoH3 Stats
Reddit
Sign in to upload your games and track your stats! →
Sign in with Steam
Match 39216342
Unlisted
Match 39216342
Overview
Messages
Build Orders
End
Kradschützen Motorcycle Team
Panzergrenadier Squad
250 Light Carrier
Panzergrenadier Squad
Construct Light Support Kompanie
Fire Support Elements
MG34 Team
Combat Half-tracks
Assault Mechanized Group
2.5-tonne Medical Truck
Flakvierling Half-track
Selects Battlefield Espionage Battlegroup
Selects 250/3 Funkpanzerwagen
Selects Anti-Tank Incendiary Munitions
Construct Panzerarmee Kommand
MG34 Team
Selects Intel Disruption Beacon
Selects Plunder
Panzer III L Medium Tank
Panzergrenadier Squad
Panzer III L Medium Tank
Emergency Repair Kits
Panzer III L Medium Tank
Armored Reserves
Jobar700
Bootyquake
0
0
Comments
sign in to comment!
No comments posted yet!